 Dungeon Crawl Stone Soup version 0.22.1-6-g1668fe2 (webtiles) character file.

34 Fang the Skirmisher (level 3, -1/36 HPs)
             Began as a Gargoyle Berserker on Feb 7, 2019.
             Was a Follower of Trog.
             Slain by an orc priest
             ... wielding a +0 short sword
              (2 damage)
             ... on level 2 of the Dungeon.
             The game lasted 00:01:46 (1012 turns).

Fang the Skirmisher (Gargoyle Berserker)            Turns: 1012, Time: 00:01:47

Health: -1/36      AC:  5    Str: 26    XL:     3   Next: 31%
Magic:  3/3        EV: 12    Int:  7    God:    Trog [*.....]
Gold:   93         SH:  0    Dex:  9    Spells: 2/2 levels left

rFire    . . .     SeeInvis .   a - +0 hand axe
rCold    . . .     Gourm    .   (no shield)
rNeg     + . .     Faith    .   b - +0 animal skin
rPois    ∞         Spirit   .   (no helmet)
rElec    +         Reflect  .   (no cloak)
rCorr    .         Harm     .   (no gloves)
MR       .....                  (no boots)
Stlth    ..........             (no amulet)
HPRegen  0.12/turn              (no ring)
MPRegen  0.08/turn              (no ring)

@: berserking (expiring), very quick
A: negative energy resistance 1, electricity resistance, unbreathing,
petrification resistance, rot immunity, AC +3
a: Berserk, Renounce Religion


You were on level 2 of the Dungeon.
You worshipped Trog.
Trog was aware of your devotion.
You were very hungry.

You visited 1 branch of the dungeon, and saw 2 of its levels.

You collected 93 gold pieces.

Inventory:

Hand Weapons
 a - a +0 hand axe (weapon)
Armour
 b - a +0 animal skin (worn)
Scrolls
 e - a scroll of teleportation {unknown}
 g - 2 scrolls of identify {unknown}
 k - a scroll of immolation {unknown}
Potions
 d - a potion of heal wounds {unknown}
 f - a potion of curing {unknown}
 h - a potion of agility {unknown}
 i - 2 potions of berserk rage {unknown}
Comestibles
 c - 5 rations
 j - 3 chunks of flesh


   Skills:
 + Level 3.7 Fighting
 + Level 3.0 Axes
 + Level 2.7 Armour
 + Level 2.0 Dodging


You had 2 spell levels left.
You didn't know any spells.
Your spell library was empty.

Dungeon Overview and Level Annotations

Branches:
Dungeon (2/15)

Altars:
Dithmenos


Innate Abilities, Weirdness & Mutations

You are resistant to torment.
Your stone body is resilient. (AC +3)
You are immune to poison.
You resist negative energy. (rN+)
You are resistant to electric shocks. (rElec)
You can survive without breathing.
You are immune to petrification.
You are immune to rotting.


Message History

The orc hits you but does no damage.
You slash the orc priest!
The orc priest is almost dead.
You barely miss the orc. You closely miss the orc. The orc misses you.
Unknown command.
You hit the orc priest but do no damage.
The orc priest is almost dead.
You barely miss the orc priest. You hit the orc. You slash the orc!
You kill the orc!
Trog accepts your kill.
The orc priest hits you with a short sword.
* * * LOW HITPOINT WARNING * * *
You barely miss the orc priest.
The orc priest is almost dead.
You barely miss the orc priest. You hit the orc.
You kill the orc!
Trog accepts your kill. The orc priest barely misses you.
The orc priest hits you with a short sword.
You die...

.. #....#.#.##.##. #..
#...........##.
#..####..............
#..........#.#.##.#..
.....................
#....................
..................#..
########.......#.##.#.#
#....o@o.....#.#. #.#.#
#..8..o8)o......# #.#.#
.................. #.
⌠..........##.###..
...........# .# .
#..8...8...# .#
##..........
########..## ## #.


You could see 2 orc priests and 2 orcs.

Vanquished Creatures
  An adder (D:2)
  2 leopard geckos (D:2)
  2 orcs (D:2)
  3 goblins (D:1)
  A hobgoblin (D:1)
  2 jackals (D:1)
  3 bats
  3 frilled lizards
  A kobold (D:1)
  4 rats
22 creatures vanquished.

Notes
Turn   | Place    | Note
-------+----------+-------------------------------------------
     0 | D:1      | Fang the Gargoyle Berserker began the quest for the Orb.
     0 | D:1      | Reached XP level 1. HP: 14/14 MP: 1/1
   392 | D:1      | Reached XP level 2. HP: 19/19 MP: 2/2
   870 | D:2      | Found a shadowy altar of Dithmenos.
   966 | D:2      | Reached XP level 3. HP: 22/23 MP: 3/3
  1011 | D:2      | HP: 1/36 [orc priest/short sword (2)]
  1012 | D:2      | Slain by an orc priest

Skill      XL: |  1  2 |
---------------+-------+-----
Axes           | 3 |  3.0
Dodging        | 2 |  2.0
Fighting       | |  3.7
Armour         | |  2.7

Action                   || total
-------------------------++-------
Melee: Hand axe          ||    59
Invok: Berserk           ||     1
 Stab: Sleeping          ||     1
Armor: Animal skin       ||    28
Dodge: Dodged            ||    53
